 Dungeon Crawl Stone Soup version 0.26.1-11-gd32895ea62 (webtiles) character file.

Game seed: 2755888552829841287

142 dtburroughs the Skirmisher (level 5, -2/47 HPs)
             Began as a Minotaur Berserker on May 7, 2021.
             Was a Believer of Trog.
             Slain by a gnoll
             ... wielding a +0 halberd
              (13 damage)
             ... on level 3 of the Dungeon.
             The game lasted 00:03:06 (2229 turns).

dtburroughs the Skirmisher (Minotaur Berserker)     Turns: 2229, Time: 00:03:07

Health: -2/47      AC:  3    Str: 22    XL:     5   Next: 3%
Magic:  4/4        EV: 12    Int:  5    God:    Trog [**....]
Gold:   207        SH:  0    Dex:  9    Spells: 4/4 levels left

rFire    . . .     SeeInvis .   a - +0 hand axe
rCold    . . .     Faith    .   (no shield)
rNeg     . . .     Spirit   .   l - +0 leather armour
rPois    .         Reflect  .   (helmet restricted)
rElec    .         Harm     .   (no cloak)
rCorr    .         Rampage  .   (no gloves)
Will     .....                  (no boots)
Stlth    +.........             (no amulet)
HPRegen  0.15/turn              (no ring)
MPRegen  0.09/turn              (no ring)

@: no status effects
A: retaliatory headbutt, horns 2
a: Renounce Religion, Berserk, Trog's Hand


You were on level 3 of the Dungeon.
You worshipped Trog.
Trog was pleased with you.
You visited 1 branch of the dungeon, and saw 3 of its levels.

You collected 207 gold pieces.

Inventory:

Hand Weapons
 a - a +0 hand axe (weapon)
 f - a +0 mace of protection
Armour
 l - a +0 leather armour (worn)
 t - a cursed -1 scale mail
 u - a +0 pair of boots
Jewellery
 b - an uncursed ring of positive energy {unknown}
 h - an uncursed amulet of magic regeneration {unknown}
 p - an uncursed ring of poison resistance {unknown}
Scrolls
 i - a scroll of immolation {unknown}
 j - 2 scrolls of identify {unknown}
 n - a scroll of blinking {unknown}
 o - a scroll of amnesia {unknown}
 q - a scroll of remove curse {unknown}
 r - a scroll of random uselessness {unknown}
 v - a scroll of fear {unknown}
Potions
 c - a potion of degeneration {unknown}
 d - a potion of flight {unknown}
 e - 2 potions of invisibility {unknown}
 g - 2 potions of curing {unknown}
 k - 2 potions of lignification {unknown}
 m - a potion of attraction {unknown}
 s - 2 potions of might {unknown}


   Skills:
 + Level 4.7 Fighting
 + Level 4.6 Axes
 + Level 3.8 Armour
 + Level 3.3 Dodging


You had 4 spell levels left.
You didn't know any spells.
Your spell library was empty.

Dungeon Overview and Level Annotations

Branches:
Dungeon (3/15)

Altars:
Yredelemnul
The Shining One


Innate Abilities, Weirdness & Mutations

You reflexively headbutt those who attack you in melee.
You have a pair of horns on your head.


Message History

The gnoll hits you from afar with a +0 halberd!
You have reached level 5!
The gnoll barely misses you.
You see here a +0 spear.
You hit the gnoll.
The gnoll is moderately wounded.
The gnoll closely misses you.
You closely miss the gnoll. Your headbutt misses the gnoll.
The gnoll is moderately wounded.
The gnoll misses you.
You hit the gnoll.
The gnoll is heavily wounded.
The gnoll hits you with a +0 halberd!
* * * LOW HITPOINT WARNING * * *
You closely miss the gnoll.
The gnoll is heavily wounded.
You hit the gnoll. Your headbutt misses the gnoll.
The gnoll is severely wounded.
The gnoll hits you with a +0 halberd!
You die...

...)#...................###....##
..(†..#########..##.#.# #....#
....### #...#...#####....## ....#
#...#...##......... ....#
#.................. ....#
###......#......... ....#
##........†...... #####
#####....#..........
#..@g......#.....##.
#.###..†............ ...#
###............. ....##
#.##.......... ......
......#..###... .(....
##....##..# #.# .....# #.>.####.#
.# ..... #...# .. #####


You could see a gnoll.

Vanquished Creatures
  6 gnolls
  2 adders
  5 worms
  A dart slug (D:2)
  4 leopard geckos
  3 giant cockroaches
  5 goblins
  7 hobgoblins
  4 jackals
  A quokka (D:2)
  4 bats
  2 frilled lizards (D:2)
  3 rats
47 creatures vanquished.

Notes
Turn   | Place    | Note
-------+----------+-------------------------------------------
     0 | D:1      | dtburroughs the Minotaur Berserker began the quest for the
                  | Orb.
     0 | D:1      | Reached XP level 1. HP: 19/19 MP: 0/0
   418 | D:1      | Reached XP level 2. HP: 26/27 MP: 1/1
  1020 | D:2      | Reached XP level 3. HP: 31/33 MP: 2/2
  1276 | D:2      | Found a basalt altar of Yredelemnul.
  1279 | D:2      | Noticed a profane servitor
  1289 | D:2      | Found a glowing golden altar of the Shining One.
  1291 | D:2      | Noticed an angel
  1580 | D:2      | Reached XP level 4. HP: 41/41 MP: 3/3
  1587 | D:2      | Reached ** piety under Trog
  2224 | D:3      | Reached XP level 5. HP: 17/47 MP: 4/4
  2229 | D:3      | Slain by a gnoll

Illustrated notes

Levels and vault maps discovered:
D:1:      minmay_arrival_solitary_statue, layout_loops_ring
D:2:      layout_rooms, grunt_temple_overflow_holy_war
D:3:      layout_rooms

Skill      XL: |  1  2  3 |
---------------+----------+-----
Fighting       | 4 |  4.7
Axes           | 4 |  4.6
Armour         | 3 |  3.8
Dodging        | 3 |  3.3

Action                   |  1- 3 |  4- 6 || total
-------------------------+-------+-------++-------
Melee: Hand axe          |    60 |    49 ||   109
       Headbutt          |    13 |     9 ||    22
Invok: Berserk           |     1 |       ||     1
Armor: Leather armour    |    10 |     8 ||    18
Dodge: Dodged            |    43 |    40 ||    83
